 Dungeon Crawl Stone Soup version 0.27-a0-1529-g1e82c303ef (webtiles) character file.

Game seed: 15184784868888806837

221 nyamberluvr69 the Skirmisher (level 5, -1/47 HPs)
             Began as a Demigod Fighter on July 12, 2021.
             Slain by a river rat (5 damage)
             ... summoned by Eustachio
             ... on level 4 of the Dungeon.
             The game lasted 00:08:21 (3738 turns).

nyamberluvr69 the Skirmisher (Demigod Fighter)      Turns: 3738, Time: 00:08:22

Health: -1/47      AC:  6    Str: 21    XL:     5   Next: 38%
Magic:  7/7        EV:  7    Int: 10    God:
Gold:   66         SH:  9    Dex: 13    Spells: 4/4 levels left

rFire    . . .     SeeInvis .   k - +0 hand axe
rCold    . . .     Faith    .   c - +0 kite shield
rNeg     . . .     Spirit   .   b - +0 scale mail
rPois    .         Reflect  .   (no helmet)
rElec    .         Harm     .   (no cloak)
rCorr    .         Rampage  .   (no gloves)
Will     .....                  (no boots)
Stlth    ..........             (no amulet)
HPRegen  0.15/turn              (no ring)
MPRegen  0.10/turn              (no ring)

@: studying Axes
A: high mp 1, forlorn
a: no special abilities


You were on level 4 of the Dungeon.
You visited 1 branch of the dungeon, and saw 4 of its levels.

You collected 105 gold pieces.
You spent 39 gold pieces at shops.

Inventory:

Hand Weapons
 a - a +0 flail
 k - a +0 hand axe (weapon)
Missiles
 l - 3 atropa-tipped darts (quivered)
Armour
 b - a +0 scale mail (worn)
 c - a +0 kite shield (worn)
Scrolls
 e - 2 scrolls of holy word {unknown}
 f - a scroll of teleportation
 h - a scroll of torment {unknown}
 i - 3 scrolls of noise {unknown}
 m - a scroll of identify {unknown}
 o - a scroll of acquirement {unknown}
 p - a scroll of enchant weapon {unknown}
 q - a scroll of magic mapping {unknown}
Potions
 g - a potion of lignification
 j - a potion of ambrosia {unknown}
 n - a potion of attraction {unknown}


   Skills:
 * Level 4.5 Fighting
 + Level 2.6(3.4) Axes
 - Level 3.4(3.9) Maces & Flails
 - Level 2.6 Armour
 - Level 2.6 Shields


You had 4 spell levels left.
You didn't know any spells.
Your spell library contained the following spells:

 Spells                   Type           Power      Damage    Failure   Level
 Corona                   Hex            0%         N/A       99%         1
 Ensorcelled Hibernation  Hex/Ice        0%         N/A       100%        2
 Dazzling Flash           Conj/Hex       0%         N/A       100%        3
 Ignite Poison            Fire/Tmut/Pois 0%         N/A       100%        3
 Mephitic Cloud           Conj/Pois/Air  0%         N/A       100%        3
 Portal Projectile        Hex/Tloc       0%         N/A       100%        3
 Tukima's Dance           Hex            0%         N/A       100%        3
 Agony                    Necr           0%         N/A       100%        5
 Bolt of Magma            Conj/Fire/Erth 0%         4d4       100%        5
 Fireball                 Conj/Fire      0%         3d3       100%        5
 Silence                  Hex/Air        0%         N/A       100%        5


Dungeon Overview and Level Annotations

Branches:
Dungeon (4/15)
 Temple: D:4-7

Shops:
D:2 [   D:3 *

Annotations:
D:4 Eustachio


Innate Abilities, Weirdness & Mutations

Your attributes grow dramatically as you level up.
You have an increased reservoir of magic. (+10% MP)
You shall have no god before yourself.


Message History

You throw an atropa-tipped dart.
The atropa-tipped dart closely misses Eustachio.
Throw: 4 darts (atropa)
Press: ? - help, Q - select action Shift-Dir - straight line, f/p - Eustachio
Aim: Eustachio, wielding a +0 falchion and wearing a +0 leather armour (almost dead, 46% to hit, chance to blind on hit: 51%)
You throw an atropa-tipped dart.
The atropa-tipped dart hits the river rat.
The river rat appears confused.
The river rat is moderately wounded.
You strike the helpless river rat from behind!
You hit the river rat.
The river rat is almost dead.
You hit the river rat but do no damage.
The river rat seems less confused.
The river rat bites you but does no damage.
The river rat barely misses you. You block the river rat's attack.
You block Eustachio's attack. The river rat barely misses you.
You closely miss Eustachio.
Eustachio is almost dead.
You catch the helpless river rat completely off-guard!
You hit the river rat but do no damage. You closely miss the river rat.
You block the river rat's attack. Eustachio hits you with a +0 falchion!
* * * LOW HITPOINT WARNING * * *
The river rat bites you but does no damage.
You completely miss Eustachio.
Eustachio is almost dead.
You hit the river rat but do no damage. You barely miss the river rat.
The river rat is no longer blind.
The river rat closely misses you. Eustachio hits you with a +0 falchion.
* * * LOW HITPOINT WARNING * * *
The river rat misses you.
You hit Eustachio.
Eustachio is almost dead.
You hit the river rat but do no damage. x2; You block the river rat's attack.
Eustachio hits you but does no damage. The river rat bites you.
* * * LOW HITPOINT WARNING * * *
The river rat bites you.
* * * LOW HITPOINT WARNING * * *
Eustachio mumbles some strange words.
Eustachio blinks!
The river rat bites you.
You die...

≈.#........##.##.####.#.#.#
≈.#........##.##.## #.# #.#
≈.#........##.##..# #.# #.#
≈..........##.###.# #.# #.#
≈..........##.###>###.# #.#
≈.....................###.#
≈..##.#######.##@(........#
≈.###.# #.##...##.##### ≈.#
#.# #.##@.....# ..# #.#
#..rr§..#.# ### #.#
#..#.##.#.# #.# #..#.##.#.#
#.# #..#.##.#.# #.#
#..#.##.#.### #.#
#..#.##....[# #.#
####..#(####.### #.#
#............#


You could see Eustachio and 2 river rats.

Vanquished Creatures
  A scorpion (D:4)
  A water moccasin skeleton (D:4)
  2 adders (D:3)
  3 worms
  A dart slug (D:1)
  7 orcs
  11 endoplasms
  3 giant cockroaches
  4 hobgoblins
  5 jackals (D:1)
  5 quokkas
  7 ball pythons
  8 bats
  5 frilled lizards
  6 goblins
  5 kobolds
  6 rats
80 creatures vanquished.

Notes
Turn   | Place    | Note
-------+----------+-------------------------------------------
     0 | D:1      | nyamberluvr69 the Demigod Fighter began the quest for the
                  | Orb.
     0 | D:1      | Reached XP level 1. HP: 18/18 MP: 3/3
   175 | D:1      | Reached XP level 2. HP: 21/25 MP: 4/4
   320 | D:1      | Reached skill level 3 in Fighting
   949 | D:2      | Reached XP level 3. HP: 17/31 MP: 5/5
  1360 | D:2      | Found Vedeac's Antique Armour Boutique.
  1951 | D:3      | Reached XP level 4. HP: 20/38 MP: 6/6
  2317 | D:3      | Found Sadeiper's General Store.
  2329 | D:3      | Bought a scroll of teleportation for 39 gold pieces
  2586 | D:3      | Reached skill level 1 in Axes
  2753 | D:4      | Reached skill level 4 in Fighting
  3090 | D:4      | Reached XP level 5. HP: 29/47 MP: 7/7
  3241 | D:4      | Got Sif Muna's Incunabulum of the Arsonist and Execration
  3385 | D:4      | Noticed Eustachio
  3738 | D:4      | Slain by a river rat

Illustrated notes

Levels and vault maps discovered:
D:1:      scummos_arrival_simple_fountains, layout_loops_ring,
          ebering_ecumenical_altar_box, hangedman_feature_mirror
D:2:      layout_rooms, serial_shops, shop, chequers_decorated_corner
D:3:      layout_rooms, mainiacjoe_overflow_cross_hatched,
          nemelex_dance_club_becter, serial_shops, nicolae_shop_crystal,
          minmay_misc_feat_secret_circle
D:4:      layout_basic, mainiacjoe_overflow_concentric_impassable,
          worldfamousw_hep_ancestral_shrine, slow_altar_2, feat_on_display,
          uniq_eustachio

Skill      XL: |  1  2  3  4 |
---------------+-------------+-----
Maces & Flails | 2 3 |  3.4
Fighting       | 3 4 |  4.5
Axes           | 2 |  2.6
Armour         | |  2.6
Shields        | |  2.6

Action                   |  1- 3 |  4- 6 || total
-------------------------+-------+-------++-------
Melee: Flail             |   174 |     4 ||   178
       Hand axe          |       |   210 ||   210
Throw: Dart              |       |     4 ||     4
  Use: Potion            |     1 |     2 ||     3
       Scroll            |       |     1 ||     1
 Stab: Invisible         |       |     4 ||     4
Armor: Scale mail        |    85 |    73 ||   158
       Skin              |       |    18 ||    18
Dodge: Dodged            |    63 |    70 ||   133
Block: Kite shield       |    90 |   118 ||   208

Table legend: (Time is in decaauts)
 A = Elapsed time spent in this place.
 B = Non-inter-level travel time spent in this place.
 C = Inter-level travel time spent in this place.
 D = Time resting spent in this place.
 E = Time spent auto-exploring this place.
 F = Levels seen in this place.
 G = Mean time per level.
                   A        B        C        D        E       F      G
               +--------+--------+--------+--------+--------+-----+--------+
         Total |   3914 |   3797 |    117 |    805 |   2021 |   4 |  978.5 |
       Dungeon |   3914 |   3797 |    117 |    805 |   2021 |   4 |  978.5 |
               +--------+--------+--------+--------+--------+-----+--------+

Top non-repeatable levels by time:
     D:2: 1176 daAuts
     D:4: 1073 daAuts
     D:1: 948 daAuts
     D:3: 715 daAuts
